 Dungeon Crawl Stone Soup version bcrawl-1.21.3 (webtiles) character file.

Game seed: 17488097014455160933

14 MisterOstroum the Insei (level 2, -2/24 HPs)
             Began as a Demonspawn Martial Artist on Mar 25, 2020.
             Was a Follower of Wu Jian.
             Slain by a worker ant (6 damage)
             ... on level 2 of the Dungeon.
             The game lasted 00:00:51 (839 turns).

MisterOstroum the Insei (Demonspawn Martial Artist)  Turns: 839, Time: 00:00:52

Health: -2/24      AC:  2    Str: 12    XL:     2   Next: 27%
Magic:  2/3        EV: 13    Int: 10    God:    Wu Jian [*.....]
Gold:   42         SH:  0    Dex: 15    Spells: 2/3 levels left

rFire    . . .     SeeInvis .     - Unarmed
rCold    . . .     Gourm    .   (no shield)
rNeg     . . .     Faith    .   a - +0 robe
rPois    .         Spirit   .   (no helmet)
rElec    .         Reflect  .   (no cloak)
rCorr    .         Harm     .   (no gloves)
MR       .....                  (no boots)
Stlth    ++........             (no amulet)
HPRegen  0.08/turn              (no ring)
MPRegen  0.08/turn              (no ring)

@: lethally poisoned (-2 -> -13)
A: powered by pain 1
a: Wall Jump, Renounce Religion


You were on level 2 of the Dungeon.
You worshipped Wu Jian.
Wu Jian was aware of your devotion.
You were not hungry.

You visited 1 branch of the dungeon, and saw 2 of its levels.

You collected 42 gold pieces.

Inventory:

Missiles
 f - 399 arrows
 m - 266 sling bullets
Armour
 a - a +0 robe (worn)
 l - a +2 pair of boots
Jewellery
 h - an uncursed amulet of guardian spirit {unknown}
Scrolls
 d - a scroll of blinking {unknown}
 g - a scroll of identify {unknown}
 i - a scroll of fog {unknown}
 n - a scroll of enchant weapon {unknown}
Potions
 b - 2 potions of agility {@q5 !q}
 c - a potion of ambrosia {unknown}
 j - a potion of berserk rage {unknown}
 k - a potion of resistance {unknown}
Comestibles
 e - a ration {!d}


   Skills:
 * Level 3.3 Fighting
 - Level 2.8 Dodging
 + Level 1.0 Stealth
 * Level 3.8 Unarmed Combat
 - Level 1.0 Spellcasting
 - Level 1.0 Hexes


You had 2 spell levels left.
You knew the following spells:

 Your Spells              Type           Power        Failure   Level  Hunger
a - Confusing Touch       Hex            #.......     22%         1    ##.....
Your spell library was empty.

Dungeon Overview and Level Annotations

Branches:
Dungeon (2/12)

Altars:


Innate Abilities, Weirdness & Mutations

You sometimes gain a little power by taking damage.


Message History

No target in view!
All of the chunks of flesh in your inventory have rotted away.
You now have 42 gold pieces (gained 20).
Key pressed, stopping explore.
Done exploring.
Done exploring.
Adjust (i)tems, (s)pells, or (a)bilities?
Okay, then.
Unknown command.
Done exploring.
Done exploring.
Done exploring.
Unknown command.
(D) Dungeon
Where to? (? - help)
There is a stone staircase leading down here.
You climb downwards.
A dart slug comes into view.
Found 62 poisoned needles, 138 arrows and 266 sling bullets.
There is a stone staircase leading up here.
A dart slug is nearby!
A dart slug is nearby!
A dart slug is nearby!
Things that are here:
62 poisoned needles; a triangular jade amulet
Casting: Confusing Touch (safe; 22% risk of failure)
Confirm with . or Enter, or press ? or * to list all spells.
Your hands begin to glow red.
Unknown command.
The dart slug seems disoriented.
You hit the dart slug.
The dart slug is severely wounded.
The dart slug seems less confused.
The dart slug seems disoriented.
You hit the dart slug.
You kill the dart slug!
The Council accepts your kill.
No target in view!
No target in view!
No target in view!
No target in view!
No target in view!
No target in view!
No target in view!
No target in view!
No target in view!
h - a triangular jade amulet You see here 62 poisoned needles.
Magic restored.
Your hands stop glowing.
f - 399 arrows (gained 138)
m - 266 sling bullets
n - a scroll labeled ZIEPOV USTUCIO A worker ant comes into view.
A worker ant is nearby!
A worker ant is nearby!
You lunge at the worker ant.
The helpless worker ant fails to defend itself.
You hit the worker ant.
The worker ant is lightly wounded.
The worker ant misses you.
Casting: Confusing Touch (safe; 22% risk of failure)
Confirm with . or Enter, or press ? or * to list all spells.
Your hands begin to glow red.
The worker ant barely misses you.
Unknown command.
You hit the worker ant but do no damage.
The worker ant is lightly wounded.
The worker ant bites you.
You are poisoned.
The worker ant poisons you!
You hit the worker ant.
You punch the worker ant, but do no damage.
The worker ant is moderately wounded.
You feel sick. The worker ant bites you. The worker ant barely misses you.
You barely miss the worker ant.
The worker ant is moderately wounded.
You feel sick.
The worker ant bites you but does no damage.
You hit the worker ant but do no damage.
The worker ant is moderately wounded.
The worker ant bites you.
You are too injured to fight recklessly!
You hit the worker ant.
The worker ant is moderately wounded.
You feel sick. The worker ant misses you.
You hit the worker ant.
The worker ant is severely wounded.
The worker ant barely misses you.
You hit the worker ant.
The worker ant is almost dead.
The worker ant bites you.
You are lethally poisoned!
The worker ant poisons you!
You barely miss the worker ant.
The worker ant is almost dead.
You feel sick. The worker ant bites you.
* * * LOW HITPOINT WARNING * * *
You hit the worker ant.
The worker ant is almost dead.
* * * LOW HITPOINT WARNING * * *
You feel sick. The worker ant bites you.
You die...

#...# ##...
#...# ....
#...#####.....
#...(...##.#.#
#####.......#
............#
............#
.............#
######..@....#
#..a....#
##.###### #.
#. #. #. #.


You could see a worker ant.

Vanquished Creatures
  A dart slug (D:2)
  A leopard gecko (D:1)
  A bat (D:1)
  A goblin (D:1)
  3 hobgoblins (D:1)
  2 kobolds (D:1)
9 creatures vanquished.

Notes
Turn   | Place    | Note
-------+----------+-------------------------------------------
     0 | D:1      | MisterOstroum the Demonspawn Martial Artist began the quest
                  | for the Orb.
     0 | D:1      | Reached XP level 1. HP: 18/18 MP: 2/2
   317 | D:1      | Gained mutation: You sometimes gain a little power by
                  | taking damage. [demonic ancestry]
   317 | D:1      | Reached XP level 2. HP: 24/24 MP: 1/3
   839 | D:2      | Slain by a worker ant

Action                   || total
-------------------------++-------
Melee: Unarmed           ||    43
       Punch             ||     1
 Cast: Confusing Touch   ||     7
Invok: Lunge             ||     7
 Stab: Confused          ||     2
       Sleeping          ||     1
Armor: Robe              ||     6
Dodge: Dodged            ||    26
